AoeStats
← SleepyDango

Yucatan

510843100Analyzed
3v3 RM · 11h ago on Oct 2, 2026· 119m 6s· 6 players
Game mode
Random Map
Map size
Normal (6 player)
Population
200
Speed
Normal
Resources
Standard
Victory
Conquest
Starting age
Dark Age
Ending age
Imperial Age
RankedLock teamsTeams togetherTeam positionsShared explorationLock speedFull tech treeHidden civsTurbo modeCheats
Victory
Defeat
🇬🇧 Bohemians · United Kingdom
1044
+19
🇬🇧 Persians · United Kingdom
1034
+19
🇬🇧 Saracens · United Kingdom
1034
+19
🇦🇷 Mongols · Argentina
1170
-22
🇦🇷 Byzantines · Argentina
1090
-18
🇦🇷 Ethiopians · Argentina
1062
-17
KoolarSmith
4:51 Loom
11:19 Feudal Age
16:22 Castle Age
23:35 Double-Bit Axe
24:17 Horse Collar
24:46 Scale Barding Armor
27:03 Wheelbarrow
30:58 Imperial Age
29:01 Husbandry
29:27 Forging
29:38 Scale Mail Armor
30:06 Bloodlines
30:44 Gold Mining
40:30 Hand Cart
41:25 Chemistry
40:46 Ballistics
43:43 Heavy Camel Rider
53:54 Chain Barding Armor
54:59 Heavy Plow
55:19 Elite Mameluke
58:35 Plate Barding Armor
58:36 Iron Casting
64:50 Man-at-Arms
65:16 Gambesons
65:31 Squires
66:45 Bow Saw
66:14 Long Swordsman
69:02 Chain Mail Armor
69:50 Blast Furnace
69:56 Two-Handed Swordsman
70:48 Champion
79:36 Bimaristan
104:51 Caravan
King Cloon
3:42 Loom
10:20 Feudal Age
13:31 Bloodlines
18:09 Castle Age
22:52 Double-Bit Axe
23:53 Horse Collar
24:29 Fletching
24:43 Heavy Plow
25:01 Bow Saw
26:04 Gold Mining
26:48 Devotion
27:32 Stone Mining
28:21 Ballistics
28:50 Medium Warships
29:26 Bodkin Arrow
30:37 Gold Shaft Mining
30:53 Stone Shaft Mining
31:21 Wheelbarrow
35:45 Imperial Age
33:31 Hand Cart
33:02 Town Watch
33:43 Scale Barding Armor
33:49 Forging
33:43 Husbandry
34:49 Chain Barding Armor
35:29 Cavalier
36:46 Iron Casting
36:53 Conscription
38:18 Plate Barding Armor
38:44 Blast Furnace
37:33 Savar
42:12 Chemistry
43:34 Block Printing
44:13 Scale Mail Armor
44:31 Town Patrol
45:11 Heavy Camel Rider
48:51 Fervor
49:50 Two-Man Saw
49:22 Crop Rotation
61:30 Heavy Warships
65:38 Chain Mail Armor
66:26 Kamandaran
67:02 Guilds
67:22 Coinage
66:53 Caravan
67:25 Thumb Ring
67:23 Crossbowman
68:04 Padded Archer Armor
70:33 Murder Holes
73:42 Leather Archer Armor
79:24 Banking
80:49 Ring Archer Armor
83:24 Citadels
93:23 Light Cavalry
95:43 Hussar
SleepyDango
10:12 Feudal Age
8:27 Loom
15:46 Castle Age
16:43 Double-Bit Axe
16:39 Horse Collar
18:18 Bow Saw
18:10 Heavy Plow
20:52 Town Watch
23:26 Wheelbarrow
25:59 Crossbowman
26:49 Fletching
31:43 Imperial Age
30:48 Chemistry
30:14 Fortified Wall
30:35 Bodkin Arrow
30:40 Padded Archer Armor
32:16 Hand Cart
32:05 Padded Archer Armor
33:42 Two-Man Saw
33:22 Masonry
33:28 Masonry
33:15 Elite Hussite Wagon
33:57 Houfnice
37:10 Conscription
36:56 Arbalester
38:55 Leather Archer Armor
39:35 Town Patrol
42:31 Wagenburg Tactics
44:31 Heavy Scorpion
46:32 Hussite Reforms
47:16 Bracer
47:46 Ring Archer Armor
47:46 Siege Engineers
49:45 Forging
49:35 Scale Mail Armor
49:40 Scale Barding Armor
50:53 Ballistics
52:15 Elite Skirmisher
53:15 Man-at-Arms
55:53 Architecture
55:11 Arrowslits
55:10 Long Swordsman
58:02 Two-Handed Swordsman
59:33 Caravan
62:27 Champion
63:10 Squires
63:07 Pikeman
63:56 Halberdier
65:01 Arson
67:07 Coinage
66:47 Guilds
70:43 Iron Casting
70:23 Chain Mail Armor
70:28 Chain Barding Armor
72:01 Banking
73:46 Onager
111:00 Blast Furnace
110:30 Plate Mail Armor
110:21 Chain Barding Armor
CHMB_Kuc
9:47 Loom
11:34 Feudal Age
13:05 Double-Bit Axe
15:55 Castle Age
17:10 Bow Saw
27:25 Imperial Age
26:06 Gold Mining
27:00 Ballistics
26:36 Fletching
26:49 Padded Archer Armor
27:14 Horse Collar
27:33 Crossbowman
28:22 Arbalester
31:34 Chemistry
31:03 Bodkin Arrow
31:23 Leather Archer Armor
32:17 Two-Man Saw
33:42 Thumb Ring
37:30 Ring Archer Armor
37:19 Heavy Plow
40:04 Scale Barding Armor
40:10 Forging
40:01 Bracer
39:46 Cavalier
40:47 Husbandry
40:18 Heavy Camel Rider
40:29 Heavy Camel Rider
43:08 Crop Rotation
44:16 Iron Casting
43:43 Scale Mail Armor
45:04 Chain Barding Armor
46:58 Murder Holes
47:16 Fortified Wall
50:19 Scale Mail Armor
50:54 Plate Barding Armor
51:20 Pikeman
52:01 Squires
52:57 Halberdier
58:07 Conscription
57:52 Arson
60:21 Chain Mail Armor
73:28 Elite Skirmisher
75:14 Wheelbarrow
75:11 Plate Mail Armor
75:04 Bombard Tower
74:25 Treadmill Crane
86:44 Elite Cataphract
91:14 Logistica
98:27 Gold Shaft Mining
100:37 Man-at-Arms
101:04 Gambesons
101:17 Long Swordsman
102:02 Two-Handed Swordsman
105:55 Champion
CHMB_Martin
10:18 Feudal Age
14:46 Castle Age
13:21 Double-Bit Axe
13:22 Horse Collar
16:44 Bow Saw
16:56 Heavy Plow
18:09 Town Watch
20:38 Wheelbarrow
20:12 Loom
23:25 Hand Cart
23:58 Gold Mining
26:12 Town Patrol
27:29 Fletching
28:20 Bloodlines
28:13 Husbandry
29:25 Bodkin Arrow
29:36 Scale Barding Armor
28:57 Light Cavalry
30:59 Gold Shaft Mining
34:00 Imperial Age
32:22 Chain Barding Armor
32:19 Stone Mining
33:44 Padded Archer Armor
34:12 Ballistics
35:06 Conscription
34:22 Elite Mangudai
36:41 Devotion
39:14 Bracer
39:30 Leather Archer Armor
41:59 Chemistry
42:44 Drill
50:47 Drill
50:00 Capped Ram
51:32 Siege Ram
55:59 Forging
55:17 Hussar
58:53 Coinage
58:15 Heavy Camel Rider
65:25 Iron Casting
71:01 Onager
75:36 Guard Tower
75:53 Siege Engineers
75:59 Masonry
77:13 Blast Furnace
87:25 Siege Onager
105:54 Siege Onager
107:19 Pikeman
108:00 Squires
108:05 Scale Mail Armor
108:17 Murder Holes
109:37 Chain Mail Armor
109:54 Arson
112:00 Plate Mail Armor
CHMB Martincek
11:06 Feudal Age
11:48 Loom
15:14 Castle Age
13:47 Double-Bit Axe
16:48 Bow Saw
19:42 Horse Collar
24:10 Wheelbarrow
25:50 Hand Cart
26:09 Heavy Plow
26:03 Gold Mining
26:04 Stone Mining
28:37 Gold Shaft Mining
28:37 Stone Shaft Mining
31:13 Imperial Age
29:06 Ballistics
28:38 Fletching
28:12 Crossbowman
29:21 Thumb Ring
29:50 Town Watch
30:43 Bodkin Arrow
30:49 Padded Archer Armor
31:07 Masonry
31:01 Town Patrol
31:17 Arbalester
31:58 Bracer
33:03 Chemistry
32:24 Scale Mail Armor
33:40 Siege Engineers
34:07 Architecture
35:57 Forging
38:28 Onager
39:36 Conscription
39:50 Siege Onager
42:28 Chain Mail Armor
42:49 Iron Casting
43:09 Squires
42:55 Arson
43:49 Siege Onager
51:21 Iron Casting
51:01 Chain Mail Armor
50:10 Elite Shotel Warrior
56:54 Royal Heirs
60:47 Plate Mail Armor
61:17 Blast Furnace
60:33 Leather Archer Armor
74:00 Ring Archer Armor
74:38 Two-Man Saw
Connection lost

Rejoining the realm…

Still unreachable

The connection could not be restored.

Session expired

The server has moved on; the page needs a fresh start.